 Dungeon Crawl Stone Soup version 0.31-a0-1576-ga3383bade6 (webtiles) character file.

Game seed: 10136209826752704168

48437 whatisthis the Destroyer (level 14, -5/127 HPs)
             Began as a Black Draconian Conjurer on Jan 4, 2024.
             Was an Elder of Vehumet.
             Slain by a wolf spider (14 damage)
             ... on level 5 of the Lair of Beasts.
             The game lasted 01:30:33 (20661 turns).

whatisthis the Destroyer (DrCj)                    Turns: 20661, Time: 01:30:33

Health: -5/127     AC: 15    Str: 11    XL:     14   Next: 12%
Magic:  29/29      EV: 13    Int: 22    God:    Vehumet [****..]
Gold:   1018       SH:  0    Dex: 10    Spells: 13/36 levels left

rFire   + . .        a - staff of conjuration
rCold   + . .        (no shield)
rNeg    . . .        (body armour unavailable)
rPois   .            i - +2 hat {Will+}
rElec   +            S - scarf {rC+ rF+}
rCorr   .            A - +0 pair of gloves
SInv    +            (no boots)
Will    ++...        w - amulet of magic regeneration
Stlth   +++          f - ring of see invisible
HPRegen 0.41/turn    n - +4 ring of protection
MPRegen 0.61/turn

%: no passive effects
@: flying, very slightly contaminated, hasted, very quick
A: breathe lightning, AC +8, unfitting armour, big wings, electricity
resistance, cold-blooded
a: Breathe Lightning, Renounce Religion


You were on level 5 of the Lair of Beasts.
You worshipped Vehumet.
Vehumet was greatly pleased with you.
You visited 3 branches of the dungeon, and saw 17 of its levels.
You also visited: Sewer and Bailey.

You collected 1018 gold pieces.

Inventory:

Hand Weapons
 t - the +1 great mace of Beogh, Bursting {antimagic, rPois Dex+3 SInv Stlth-}
   (You found it on level 11 of the Dungeon)

   Dex+3:     It affects your dexterity (+3).
   rPois:     It protects you from poison SInv: It lets you see invisible.
   Stlth-:    It makes you less stealthy.
 u - a +2 halberd of venom
 D - a +2 whip of venom
Missiles
 b - 18 poisoned darts
 x - a throwing net
 L - 10 boomerangs
 O - 5 javelins
Armour
 i - a +2 hat of willpower (worn)
 A - a +0 pair of gloves (worn)
 H - a +0 kite shield
 S - a scarf of resistance (worn)
Magical Staves
 a - a staff of conjuration (weapon)
Jewellery
 f - a ring of see invisible (left hand)
 n - a +4 ring of protection (right hand)
 w - an amulet of magic regeneration (around neck)
 G - an amulet of faith
 Q - a ring of resist corrosion
Wands
 e - a wand of charming (1)
 B - a wand of polymorph (3)
 F - a wand of mindburst (6)
 J - a wand of digging (2)
 P - a wand of flame (3)
Scrolls
 c - a scroll of silence {unknown}
 d - 2 scrolls of enchant weapon {unknown}
 g - 2 scrolls of vulnerability {unknown}
 h - 3 scrolls of immolation
 k - 5 scrolls of teleportation
 p - 3 scrolls of poison
 q - 2 scrolls of blinking
 r - 3 scrolls of fear {unknown}
 s - 4 scrolls of revelation
 v - 2 scrolls of noise {unknown}
 y - 3 scrolls of amnesia {unknown}
 E - a scroll of acquirement {unknown}
 K - a scroll of enchant armour {unknown}
 N - 2 scrolls of fog {unknown}
Potions
 l - 2 potions of heal wounds
 m - a potion of attraction
 o - 4 potions of haste
 z - 4 potions of ambrosia
 I - 2 potions of berserk rage {unknown}
 M - a potion of magic
 R - 2 potions of lignification {unknown}
 T - a potion of mutation {unknown}
 U - a potion of brilliance
 W - a potion of enlightenment


   Skills:
 + Level 12.7 Fighting
 - Level 5.3 Dodging
 - Level 5.9 Stealth
 + Level 11.9 Spellcasting
 + Level 13.3 Conjurations
 - Level 12.5 Air Magic


You had 13 spell levels left.
You knew the following spells:

 Your Spells              Type           Power      Damage    Failure   Level
a - Magic Dart            Conj           100%       1d8       0%          1
b - Shock                 Conj/Air       100%       1d9       1%          1
c - Searing Ray           Conj           100%       2d8       1%          2
d - Airstrike             Air            31%        2d(5-21)  1%          4
e - Fulminant Prism       Conj/Alch      29%        3d13      1%          4
f - Blink                 Tloc           26%        N/A       8%          2
g - Irradiate             Conj/Alch      29%        3d21      2%          5
h - Olgreb's Toxic Radia  Alch           13%        N/A       13%         4

Your spell library contained the following spells:

 Spells                   Type           Power      Damage    Failure   Level
 Sting                    Conj/Alch      100%       1d9       1%          1
 Momentum Strike          Conj/Tloc      100%       3d10      1%          2
 Hailstorm                Conj/Ice       59%        3d11      1%          3
 Swiftness                Air            62%        N/A       1%          3
 Iskenderun's Mystic Bla  Conj/Tloc      59%        2d12      1%          4
 Apportation              Tloc           26%        N/A       4%          1
 Necrotise                Necr           52%        1d6       4%          1
 Summon Small Mammal      Summ           52%        N/A       4%          1
 Call Imp                 Summ           26%        N/A       8%          2
 Lesser Beckoning         Tloc           26%        N/A       8%          2
 Sublimation of Blood     Necr           13%        N/A       8%          2
 Gell's Gravitas          Tloc           13%        N/A       16%         3
 Summon Ice Beast         Ice/Summ       13%        N/A       16%         3
 Teleport Other           Tloc           13%        N/A       16%         3
 Petrify                  Alch/Erth      13%        N/A       45%         4
 Dispersal                Tloc           6%         N/A       100%        6
 Sculpt Simulacrum        Ice/Alch       6%         N/A       100%        6


Dungeon Overview and Level Annotations

Branches:
Dungeon (11/15)            Temple (1/1) D:5            Lair (5/5) D:10
 Spider (0/4) Lair:2          Orc (0/2) D:9           Sewer (visited)
 Bailey (visited)
  Swamp: Lair:2-3    Shoals: Lair:2-3     Slime: Lair:4-5

Altars:
Ashenzari
Cheibriados
Dithmenos
Elyvilon
Fedhas
Gozag
Hepliaklqana
Kikubaaqudgha
Makhleb
Nemelex Xobeh
Okawaru
Qazlal
Ru
Sif Muna
Trog
Uskayaw
Vehumet
Wu Jian
Xom
Yredelemnul
Zin
The Shining One

Shops:
D:9 (

Annotations:
D:4 2 runed translucent doors, Menkaure; mooti9's ghost, amateur GnFi


Innate Abilities, Weirdness & Mutations

You can breathe wild blasts of lightning.
Your glossy black scales are hard. (AC +8)
You cannot fit into any form of body armour.
Your large and strong wings let you fly.
You are resistant to electric shocks. (rElec)
You are cold-blooded and may be slowed by cold attacks.


Message History

The wolf spider poisons you!
Okay, then.
Okay, then.
Blink to where?
Press: ? - help, Dir - move target
As you read the scroll of blinking, it crumbles to dust.
* * * LOW HITPOINT WARNING * * *
You feel very sick.
You feel better.
You feel ready to blink again.
Casting: Irradiate (dangerous; 2% risk of failure)
Confirm with . or Enter, or press ? or * to list all spells.
Aiming: Airstrike (safe; 1% risk of failure)
Press: ? - help, Dir - move target, f - water moccasin
Aim: a water moccasin (empty space bonus: 6/8)
The air twists around and strikes the water moccasin!!
The water moccasin is almost dead.
A seven-headed hydra comes into view.
Unknown command.
Magic courses through your body.
You feel yourself speed up.
The seven-headed hydra roars!
The water moccasin closely misses you. The wolf spider hits you.
* * * LOW HITPOINT WARNING * * *
The wolf spider misses you.
The wolf spider attacks as it pursues you!
The wolf spider barely misses you. The wolf spider bites you.
* * * LOW HITPOINT WARNING * * *
You are lethally poisoned!
The wolf spider poisons you!
A komodo dragon comes into view.
* * * LOW HITPOINT WARNING * * *
You feel very sick.
* * * LOW HITPOINT WARNING * * *
You feel very sick.
You see here a wyvern corpse.
Unknown command.
You feel better. The wyvern closely misses you. The wolf spider hits you!
You die...

###### #######P##.##
............
...........#### .. .
...........##.###.....
...l........†††.#...P#
..........<.÷........#
..........@k..#.....###
..........s...........#
...........S..#.......#..
........÷....###....P....
........÷.......Y........
.##.PP..................#
...P..................#
#....##................#
...# #................#


You could see a wolf spider, a komodo dragon (wandering), a water moccasin and a
wyvern (misshapen).

Vanquished Creatures
  Rupert (Lair:4)
  Gastronok (D:10)
  A dire elephant (Lair:4)
  A hydra (Lair:4)
  A two-headed ogre (D:8)
  7 death yaks (Lair:4)
  A skyshark (Lair:3)
  A flayed ghost (D:11)
  3 lindwurms
  3 meliai
  A manticore (Lair:4)
  11 elephants
  A merfolk siren (Lair:2)
  7 black mambas
  Maggie (Lair:2)
  12 cane toads
  An unseen horror (D:11)
  3 rime drakes
  Jeremiah (Lair:1)
  13 komodo dragons
  Psyche (D:10)
  A queen bee (Lair:4)
  4 polar bears
  2 trolls
  5 blink frogs
  A slime creature (D:11)
  A vampire (D:11)
  A shadow (D:11)
  5 wyverns
  A fire elemental (Lair:2)
  A basilisk (Lair:3)
  Eustachio (D:6)
  37 yaks
  4 redbacks
  17 water moccasins
  3 acid dragons
  Duvessa (D:7)
  A black bear (Lair:4)
  2 ice beasts
  5 orc warriors
  Pargi (Sewer)
  30 wolves
  An ogre (D:6)
  9 centaurs
  Blork the orc (D:6)
  A brain worm (Sewer)
  10 bullfrogs
  3 scorpions
  39 killer bees
  Dowan (D:7)
  6 mutant beasts (D:10)
  An electric eel (Lair:2)
  10 howler monkeys
  A jelly (D:7)
  4 orc priests
  4 bombardier beetles
  4 gnoll boudas
  2 hounds
  A sleepcap (D:7)
  7 iguanas
  3 orc wizards (D:9)
  7 hell rats (Lair:4)
  Natasha (thrice) (D:3)
  31 gnolls
  5 adders
  2 river rats
  A white imp (D:6)
  2 ufetubi (D:4)
  A ribbon worm (D:5)
  3 dart slugs
  37 orcs
  12 bats
  2 endoplasms
  A giant cockroach (D:4)
  7 goblins
  5 hobgoblins
  5 ball pythons
  3 frilled lizards
  4 kobolds
  5 rats
440 creatures vanquished.

Vanquished Creatures (collateral kills)
  A bullfrog (Lair:3)
1 creature vanquished.

Vanquished Creatures (others)
  110 fulminant prisms
110 creatures vanquished.

Grand Total: 551 creatures vanquished

Notes
Turn   | Place    | Note
-------+----------+-------------------------------------------
     0 | D:1      | whatisthis the Draconian Conjurer began the quest for the
                  | Orb.
     0 | D:1      | Reached XP level 1. HP: 14/14 MP: 3/3
   474 | D:1      | Reached XP level 2. HP: 20/20 MP: 5/5
   998 | D:2      | Identified the orb of Impressiveness {light, -Tele rElec
                  | Regen+ Air}
  1129 | D:2      | Reached XP level 3. HP: 26/26 MP: 2/7
  1417 | D:2      | Learned a level 1 spell: Shock
  1472 | D:2      | Reached XP level 4. HP: 33/33 MP: 3/8
  1475 | D:2      | Learned a level 2 spell: Searing Ray
  1785 | D:3      | Noticed Natasha
  1788 | D:3      | Killed Natasha
  1789 | D:3      | Reached skill level 5 in Conjurations
  2002 | D:3      | Reached XP level 5. HP: 38/38 MP: 8/10
  2297 | D:3      | Noticed Natasha
  2302 | D:3      | Killed Natasha
  2548 | D:4      | Found a large runed translucent door.
  2552 | D:4      | Found a large runed translucent door.
  2555 | D:4      | Noticed mooti9's ghost (amateur GnFi)
  2883 | D:4      | Noticed Menkaure
  3005 | D:4      | Reached skill level 6 in Conjurations
  3005 | D:4      | Reached XP level 6. HP: 45/45 MP: 7/12
  3131 | D:4      | Noticed an ice beast
  3163 | D:3      | Noticed Natasha
  3166 | D:3      | Killed Natasha
  3994 | D:4      | Killed an ice beast
  3995 | D:4      | Reached skill level 5 in Spellcasting
  4237 | D:5      | Entered Level 5 of the Dungeon
  4254 | D:5      | Your scales start taking on a glossy black colour.
  4254 | D:5      | Reached XP level 7. HP: 39/50 MP: 8/14
  4254 | D:5      | Gained mutation: You are resistant to electric shocks.
                  | (rElec) [Black Draconian growth]
  4413 | D:5      | Found a glowing drain.
  4424 | Sewer    | Entered a sewer
  4478 | Sewer    | Reached skill level 1 in Air Magic
  4483 | Sewer    | Noticed Pargi
  4493 | Sewer    | Killed Pargi
  4630 | D:5      | Reached skill level 7 in Conjurations
  4937 | D:5      | Found a staircase to the Ecumenical Temple.
  5285 | Temple   | Entered the Ecumenical Temple
  5398 | D:6      | Identified the +3 spear of the Spectre {venom, rCorr Int-2
                  | Dex+3}
  5484 | D:6      | Noticed Blork the orc
  5484 | D:6      | You fall into a shaft and drop 1 floor!
  5489 | D:7      | Noticed Dowan
  5490 | D:7      | Noticed Duvessa
  5515 | D:7      | Killed Duvessa
  5516 | D:7      | Reached XP level 8. HP: 31/57 MP: 12/17
  5516 | D:7      | Killed Dowan
  5755 | D:7      | Found a shadowy altar of Dithmenos.
  6021 | D:6      | Noticed Eustachio
  6050 | D:6      | Killed Eustachio
  6051 | D:6      | Reached skill level 8 in Conjurations
  6051 | D:6      | Reached skill level 5 in Air Magic
  6117 | D:6      | Found an ancient bone altar of Kikubaaqudgha.
  6621 | D:6      | Learned a level 4 spell: Airstrike
  6626 | D:6      | Killed Blork the orc
  7213 | D:7      | Found a radiant altar of Vehumet.
  7536 | D:8      | Noticed a two-headed ogre
  7640 | D:8      | Reached XP level 9. HP: 25/62 MP: 9/19
  7752 | D:8      | Found a flagged portal.
  7762 | Bailey   | Entered a bailey
  8228 | D:8      | Killed a two-headed ogre
  8229 | D:8      | Reached skill level 9 in Conjurations
  9059 | D:9      | Reached XP level 10. HP: 78/78 MP: 12/22
  9161 | D:9      | Found a staircase to the Orcish Mines.
  9772 | D:9      | Reached skill level 5 in Fighting
  9867 | D:9      | Found Erhavi's Antique Weapon Emporium.
  9886 | D:10     | Entered Level 10 of the Dungeon
  9899 | D:10     | Noticed Psyche
  9905 | D:10     | Killed Psyche
  9906 | D:10     | Reached skill level 10 in Conjurations
  9955 | D:9      | Learned a level 4 spell: Fulminant Prism
 10192 | D:10     | Noticed Gastronok
 10540 | D:10     | Noticed a juvenile batfire beast
 10554 | D:10     | Killed a juvenile batfire beast
 10829 | D:10     | Found a staircase to the Lair.
 11167 | D:10     | Killed Gastronok
 11168 | D:10     | Reached XP level 11. HP: 88/91 MP: 3/24
 11298 | D:11     | Reached skill level 10 in Air Magic
 11518 | D:11     | Noticed a flayed ghost
 11520 | D:11     | Noticed an orc knight
 11550 | D:11     | Killed a flayed ghost
 11786 | D:11     | Reached skill level 11 in Conjurations
 11878 | D:11     | Identified the +1 great mace of Beogh, Bursting {antimagic,
                  | rPois Dex+3 SInv Stlth-}
 11990 | Lair:1   | Entered Level 1 of the Lair of Beasts
 12108 | Lair:1   | You fall into a shaft and drop 1 floor!
 12492 | D:7      | Became a worshipper of Vehumet
 12606 | Lair:1   | Noticed Jeremiah
 12638 | Lair:1   | Killed Jeremiah
 12645 | Lair:1   | Reached skill level 10 in Spellcasting
 13419 | Lair:2   | Noticed a catoblepas
 13530 | Lair:1   | Reached XP level 12. HP: 100/103 MP: 9/26
 13884 | Lair:2   | Noticed Maggie
 13891 | Lair:2   | Killed Maggie
 14284 | Lair:2   | Reached * piety under Vehumet
 14284 | Lair:2   | Offered knowledge of Kiss of Death by Vehumet.
 14348 | Lair:2   | Reached skill level 12 in Conjurations
 15295 | Lair:2   | Found a hole to the Spider Nest.
 15419 | Lair:1   | HP: 2/106 [catoblepas (21)]
 15943 | Lair:2   | Learned a level 2 spell: Blink
 15955 | Lair:3   | Reached ** piety under Vehumet
 15955 | Lair:3   | Offered knowledge of Foxfire by Vehumet.
 16104 | Lair:3   | Reached skill level 10 in Fighting
 16788 | Lair:4   | Noticed Rupert
 16813 | Lair:4   | Reached XP level 13. HP: 114/114 MP: 12/28
 17248 | Lair:4   | Offered knowledge of Dazzling Flash by Vehumet.
 17544 | Lair:4   | Reached *** piety under Vehumet
 17655 | Lair:4   | Paralysed by Rupert for 2 turns
 17804 | Lair:4   | Noticed a dire elephant
 18010 | Lair:4   | Offered knowledge of Brom's Barrelling Boulder by Vehumet.
 18186 | Lair:4   | Reached skill level 5 in Stealth
 18282 | Lair:4   | HP: 5/116 [meliai/+0 hand axe (5)]
 18579 | Lair:4   | Learned a level 5 spell: Irradiate
 18705 | Lair:4   | Reached **** piety under Vehumet
 18750 | Lair:4   | Reached skill level 5 in Dodging
 18776 | Lair:4   | Offered knowledge of Olgreb's Toxic Radiance by Vehumet.
 19049 | Lair:4   | Killed Rupert
 19183 | Lair:5   | Entered Level 5 of the Lair of Beasts
 19243 | Lair:4   | Learned a level 4 spell: Olgreb's Toxic Radiance
 19901 | Lair:4   | Killed a dire elephant
 19902 | Lair:4   | Reached skill level 13 in Conjurations
 20007 | Lair:4   | Gained mutation: Your large and strong wings let you fly.
                  | [Black Draconian growth]
 20007 | Lair:4   | Reached XP level 14. HP: 119/127 MP: 7/29
 20648 | Lair:5   | HP: 4/127 [poisoned by a wolf spider]
 20659 | Lair:5   | HP: 5/127 [poisoned by a wolf spider]
 20660 | Lair:5   | HP: 1/127 [poisoned by a wolf spider]
 20661 | Lair:5   | Slain by a wolf spider

Illustrated notes

Levels and vault maps discovered:
D:1:      ebering_hopf_link, layout_basic
D:2:      layout_loops_ring, serial_bayou_pond_e
D:3:      layout_basic, uniq_natasha
D:4:      layout_layer_cave, ebering_ghost_disaster_area, uniq_menkaure
D:5:      layout_basic, minmay_temple_entry_hall, cheibrodos_sewer_entry_sluice,
          minivault_14
D:6:      layout_loops_ring, mainiacjoe_overflow_alcove_2, uniq_eustachio,
          uniq_blork_the_orc
D:7:      layout_cave_pools, general_overflow_altar,
          nicolae_dithmenos_through_a_glass_darkly,
          nicolae_figureground_sparkle, uniq_duvessa
D:8:      layout_rooms, enter_bailey_5
D:9:      layout_roguey, david_orc_5, serial_shops, nicolae_shop_real_fake_doors
D:10:     layout_small_grid, david_lair_shrubbed, nicolae_beast_mode,
          uniq_psyche, uniq_gastronok
D:11:     nzn_winding_woodlands_large [nzn_winding_woodlands_5x5_cross,
          nzn_winding_woodlands_5x15_twine,
          nzn_winding_woodlands_5x5_checkerboard,
          nzn_winding_woodlands_center_triple_pond,
          nzn_winding_woodlands_15x15_thick_spiral,
          nzn_winding_woodlands_center_diamonds,
          nzn_winding_woodlands_5x5_perimeter,
          nzn_winding_woodlands_5x15_garden,
          nzn_winding_woodlands_5x5_open_star], layout_loops_cross,
          minmay_fountain_box, kennysheep_generic_room_4
Temple:   nicolae_temple_bog_church
Lair:1:   layout_regular_city, portal_ice_cave_entry_pillars_2, uniq_jeremiah
Lair:2:   beargit_carnivore_pack, layout_gridlike,
          minmay_shoals_entry_lonely_mermaid, spider_nest_entry_webs,
          beast_lair_carwin_9, uniq_maggie
Lair:3:   layout_hall_layers, beast_lair_carwin_10, serial_bayou_shore_a,
          grunt_megastairs_1
Lair:4:   regret_index_wax_grids, layout_hall_layers,
          nicolae_lair_grazing_beasts [nicolae_sub_lair_graze_edge,
          nicolae_sub_lair_graze_edge, nicolae_sub_lair_graze_edge,
          nicolae_sub_lair_graze_edge], grunt_megastairs_4, uniq_rupert
Lair:5:   hangedman_lair_tendril_chambers, layout_regular_city,
          minmay_slime_entry_oklob_enclosed, basic_altar,
          eino_small_chamber_without_monster

Skill      XL: |  1  2  3  4  5  6  7  8  9 10 11 12 13 |
---------------+----------------------------------------+-----
Spellcasting   | 3 4 5 6 7 8 9 10 11 | 11.9
Conjurations   | 5 6 7 8 9 10 11 12 13 | 13.3
Air Magic      | 3 6 8 9 11 12 | 12.5
Fighting       | 4 6 8 10 12 | 12.7
Dodging        | 3 5 |  5.3
Stealth        | 3 5 |  5.9

Action                     |  1- 3 |  4- 6 |  7- 9 | 10-12 | 13-15 || total
---------------------------+-------+-------+-------+-------+-------++-------
  Melee: Unarmed           |     2 |       |       |       |       ||     2
         Whip              |       |       |    30 |     5 |       ||    35
         Tailslap          |       |       |     3 |     2 |     4 ||     9
         Staff             |       |       |     3 |    13 |     9 ||    25
         Halberd           |       |       |     1 |       |     1 ||     2
         Punch             |       |       |       |     1 |     1 ||     2
         Great mace        |       |       |       |     2 |       ||     2
   Fire: Sling             |    37 |    51 |    86 |       |       ||   174
  Throw: Boomerang         |       |       |     3 |       |       ||     3
   Cast: Magic Dart        |    29 |     5 |    21 |       |       ||    55
         Shock             |     3 |    28 |    59 |    40 |     5 ||   135
         Searing Ray       |       |    17 |    52 |    36 |    10 ||   115
         Airstrike         |       |       |    20 |   213 |   192 ||   425
         Fulminant Prism   |       |       |       |    80 |    31 ||   111
         Blink             |       |       |       |     1 |     3 ||     4
         Irradiate         |       |       |       |       |    16 ||    16
         Olgreb's Toxic Ra |       |       |       |       |     8 ||     8
Ability: Breathe Lightning |       |       |     3 |     1 |     2 ||     6
  Evoke: Wand              |       |       |     5 |    13 |    11 ||    29
    Use: Scroll            |       |       |     6 |     4 |     6 ||    16
         Potion            |       |       |       |     4 |     8 ||    12
   Stab: Invisible         |       |       |     1 |       |       ||     1
 Armour: Skin              |    16 |    30 |   148 |   231 |   205 ||   630
  Dodge: Dodged            |    20 |    40 |   124 |   135 |   157 ||   476

Table legend: (Time is in decaauts)
 A = Elapsed time spent in this place.
 B = Non-inter-level travel time spent in this place.
 C = Inter-level travel time spent in this place.
 D = Time resting spent in this place.
 E = Time spent auto-exploring this place.
 F = Levels seen in this place.
 G = Mean time per level.
                   A        B        C        D        E       F      G
               +--------+--------+--------+--------+--------+-----+--------+
         Total |  20785 |  19241 |   1544 |   6013 |   6853 |  19 | 1093.9 |
       Dungeon |  12036 |  11116 |    920 |   2537 |   5537 |  11 | 1094.2 |
        Temple |     21 |     12 |      9 |      0 |      0 |   1 |   21.0 |
          Lair |   8511 |   7896 |    615 |   3435 |   1264 |   5 | 1702.2 |
         Sewer |    170 |    170 |      0 |     41 |     51 |   1 |  170.0 |
        Bailey |     45 |     45 |      0 |      0 |      0 |   1 |   45.0 |
               +--------+--------+--------+--------+--------+-----+--------+

Top non-repeatable levels by time:
  Lair:4: 2731 daAuts
  Lair:1: 2327 daAuts
  Lair:3: 1905 daAuts
     D:4: 1736 daAuts
    D:10: 1433 daAuts
     D:9: 1380 daAuts
  Lair:2: 1323 daAuts
     D:7: 1258 daAuts
     D:6: 1125 daAuts
     D:8: 988 daAuts
     D:3: 968 daAuts
     D:2: 918 daAuts
     D:5: 848 daAuts
     D:1: 716 daAuts
    D:11: 662 daAuts
